 Dungeon Crawl Stone Soup version 0.16-b1 (console) character file.

148339 siepu the Slicer (level 16, -12/122 HPs)
             Began as a Demonspawn Wanderer on Mar 13, 2015.
             Was the Champion of Ru.
             Shot with a bolt of flame by a naga sharpshooter (17 damage)
             ... on level 5 of the Snake Pit on Mar 14, 2015.
             The game lasted 02:47:09 (51898 turns).

siepu the Slicer (Demonspawn Wanderer)             Turns: 51898, Time: 02:47:09

Health: -12/122    AC:  9    Str: 11    XL:     16   Next: 94%
Magic:  0/31       EV: 20    Int: 15    God:    Ru [******]
Gold:   1709       SH:  0    Dex: 18    Spells: 6 memorised, 13 levels left

rFire  + . .     SeeInvis +     b - +1 long sword (elec)
rCold  + . .     Clarity  .     E - +2 robe {Archmagi}
rNeg   . . .     SustAb   .     (shield unavailable)
rPois  +         Gourm    .     (helmet unavailable)
rElec  .         Spirit   +     B - +2 cloak {MR+} {aux}
rCorr  .         Warding  .     l - +0 pair of gloves {aux}
rMut   .         Stasis   .     y - +0 pair of boots {aux}
MR     ++...                    t - amulet of rage
Stlth  ++++++++..               d - ring "Seohesiu" {rPois rF+ SInv}
                                (ring unavailable)

@: lethally poisoned (-12 -> -12), exhausted, slowed, very slow, very resistant
to hostile enchantments, extraordinarily stealthy
A: hooves 2, horns 3, cold resistance 1, low mp 1, nightstalker 3, sense
surroundings 1, weak 1, magic shield, magic regeneration, missing a hand,
inability to train armour, no air magic, no summoning magic, no transmutations
magic, disrupted magic 1
a: Draw Out Power, Power Leap, Apocalypse, Renounce Religion, Evoke Berserk Rage


You were on level 5 of the Snake Pit.
You worshipped Ru.
Ru was exalted by your worship.
You were not hungry.

You visited 5 branches of the dungeon, and saw 31 of its levels.
You visited 1 bazaar.
You also visited: Labyrinth and Ice Cave.

You collected 3298 gold pieces.
You spent 1589 gold pieces at shops.


Innate Abilities, Weirdness & Mutations

You have hoof-like feet.
You have a pair of large horns on your head.
Your flesh is cold resistant.
Your magical capacity is low (-10% MP).
You are completely attuned to the shadows.
You are weak. (Str -2)
When hurt, damage is shared between your health and your magic reserves.
You regenerate magic rapidly.
You are missing a hand.
You cannot train Armour skill.
You cannot study or cast Air magic.
You cannot study or cast Summoning magic.
You cannot study or cast Transmutations magic.
Your casting is slightly disrupted.
You passively map a small area around you.


   Skills:
 - Level 10.0 Fighting
 - Level 14.0 Short Blades
 - Level 1.5 Maces & Flails
   Level 1.7 Bows
 - Level 10.0 Dodging
 - Level 10.0 Stealth
 - Level 12.0 Spellcasting
 - Level 13.0 Hexes
 - Level 5.1 Ice Magic
   Level 1.7 Earth Magic
 + Level 8.9 Evocations


You had 13 spell levels left.
You knew the following spells:

 Your Spells              Type           Power        Failure   Level  Hunger
a - Ensorcelled Hibernat  Hex/Ice        ######       1%          2    None
b - Mass Confusion        Hex            ######....   12%         6    ######.
c - Tukima's Dance        Hex            ######..     1%          3    None
d - Invisibility          Hex            ######..     12%         6    ######.
e - Enslavement           Hex            ######..     1%          4    ###....
f - Metabolic Englaciati  Hex/Ice        ######....   10%         5    #####..

Inventory:

Hand weapons
 a - a +2 dagger of flaming
   (You took it off an orc wizard on level 1 of the Orcish Mines)
 b - a +1 long sword of electrocution (weapon)
   (You took it off a deep elf mage on level 10 of the Dungeon)
 N - a +0 blowgun
 X - a +2 demon blade of venom
   (You found it on level 4 of the Snake Pit)
Missiles
 g - 8 curare-tipped needles {=g=f!f}
 v - 6 poisoned tomahawks {=f}
 F - 6 throwing nets {=f}
 P - 7 javelins (quivered) {=f}
Armour
 f - a +1 robe of cold resistance
   (You took it off Fannar on level 7 of the Lair of Beasts)
 k - a quicksilver dragon armour
 l - a +0 pair of gloves (worn) {aux}
 y - a +0 pair of boots (worn) {aux}
 B - a +2 cloak of magic resistance (worn) {aux}
   (You bought it in a shop on level 1 of the Orcish Mines)
 E - a +2 robe of the Archmagi (worn)
   (You bought it in a shop in a bazaar)
 R - the +0 ring mail "Lootiy Prone" {rElec Int+5 Dex-2}
   (You found it on level 5 of the Lair of Beasts)

   It affects your intelligence (+5).
   It affects your dexterity (-2).
   It insulates you from electricity.
Rods
 G - a +0 rod of ignition (13/13) {!a}
Jewellery
 d - the ring "Seohesiu" (right hand) {rPois rF+ SInv}
   (You found it on level 7 of the Lair of Beasts)

   [ring of see invisible]

   It protects you from fire.
   It protects you from poison.
   It enhances your eyesight.
 t - an amulet of rage (around neck)
   (You found it on level 8 of the Dungeon)
 O - an uncursed ring of positive energy
   (You found it in a labyrinth)
 Q - an uncursed ring of teleportation
   (You found it on level 2 of the Snake Pit)
Magical devices
 i - a wand of paralysis (21) {!v}
 p - a wand of fireball (4) {!v}
 q - a wand of fire (8) {!v}
 H - a wand of digging (2) {!v}
 I - a wand of lightning (3) {!v}
 S - a wand of hasting (4) {!d!v}
 T - a wand of polymorph (7) {!v}
 V - a wand of confusion (30) {!v}
Scrolls
 j - 3 scrolls of identify {!r}
 m - 5 scrolls of remove curse {!r}
 n - 7 scrolls of teleportation {!r}
 x - a scroll of fog {!r}
 C - 3 scrolls of magic mapping {!r}
 J - 2 scrolls of enchant weapon {!r}
 U - a scroll of fear {!r}
Potions
 c - 7 potions of curing {!q}
 e - a potion of heal wounds {!q}
 h - 2 potions of might {!q}
 o - a potion of ambrosia {!q}
 r - 2 potions of flight {!q}
 s - 2 potions of resistance {!q}
 u - 5 potions of invisibility {!q}
 w - 2 potions of haste {!q}
 z - 5 potions of cancellation {!q}
Books
 W - a book of Control

   Spells                             Type                      Level
   a - Control Teleport               Charms/Translocation         4
   b - Control Undead                 Necromancy                   4
   c - Enslavement                    Hexes                        4
   d - Metabolic Englaciation         Hexes/Ice                    5
   e - Mass Confusion                 Hexes                        6
Miscellaneous
 A - a stone of tremors
 K - a phial of floods
 Y - a sack of spiders
 Z - a box of beasts
Comestibles
 D - 4 meat rations {!e}
 M - 20 royal jellies {!e}


Message History

The splash of poison hits you! You resist. The naga mage constricts you.
You hear an angry hiss.
A naga ritualist comes into view. It is wielding a dagger of venom.
Read which item? (? for menu, Esc to quit)
Really read
x - 3 scrolls of fog {!r}?
As you read the scroll of fog {!r}, it crumbles to dust.
The scroll dissolves into smoke.
You feel sick.
The naga mage begins to cast a spell, but is stunned by your will!
The naga mage constricts you.
The naga warrior hits you but does no damage.
The naga sharpshooter is stunned by your will and fails to attack.
The naga sharpshooter unwields an uncursed arbalest.
The naga sharpshooter wields an uncursed glaive.
The naga sharpshooter barely misses you.
The naga mage is stunned by your will and fails to attack.
The naga mage constricts you.
The naga mage points at you and mumbles some strange words.
The poison arrow hits you!
You are more poisoned.
You partially resist.
* * * LOW HITPOINT WARNING * * *
The naga ritualist points at you and mumbles some strange words.
The poison in your body grows stronger. You resist with almost no effort.
You redirect the greater naga's attack!
The naga warrior spits poison at you. The splash of poison misses you.
The splash of poison hits the naga sharpshooter.
A naga mage, a guardian serpent and a shock serpent come into view.
Drink which item? (? for menu, Esc to quit)
Really quaff
e - 2 potions of heal wounds {!q}?
You feel much better.
Your surroundings suddenly seem different.
Something loses its grip on you.
You feel sick.
Found a ring mail.
A naga ritualist comes into view. It is wielding a dagger of venom.
You barely miss the naga ritualist.
The naga ritualist shouts!
You headbutt the naga ritualist!
The naga ritualist is lightly wounded.
You feel sick.
You hit the naga ritualist but do no damage.
There is a sudden explosion of sparks!
You headbutt the naga ritualist, but do no damage.
The naga ritualist is moderately wounded.
You feel sick.
The naga ritualist is stunned by your will and fails to attack.
You slash the naga ritualist!
There is a sudden explosion of sparks!
The naga ritualist is severely wounded.
You feel sick.
The naga ritualist completely misses you.
The naga ritualist barely misses you.
The naga ritualist gestures wildly while chanting.
The naga ritualist begins to radiate toxic energy.
You slash the naga ritualist!
You headbutt the naga ritualist, but do no damage.
The naga ritualist is almost dead.
You feel sick.
The naga ritualist gestures at you while chanting.
The poison in your body grows stronger. You resist with almost no effort.
You barely miss the naga ritualist.
The naga ritualist is almost dead.
You feel sick.
The naga sharpshooter is no longer blind.
You focus your will and blind the naga ritualist in retribution!
The naga ritualist spits poison at you. The splash of poison hits you!
You resist.
The naga ritualist gestures at you while chanting.
The poison in your body grows stronger. You resist with almost no effort.
The naga sharpshooter shouts!
You feel sick.
You hear a shout!
The naga sharpshooter casts a spell.
The naga sharpshooter magically shoots a bolt of flame.
The bolt of flame hits you!!
* * * LOW HITPOINT WARNING * * *
You see here 2 bolts of flame.
Drink which item? (? for menu, Esc to quit)
Really quaff
c - 8 potions of curing {!q}?
You feel better.
* * * LOW HITPOINT WARNING * * *
You are poisoned.
* * * LOW HITPOINT WARNING * * *
The naga sharpshooter spits poison at you.
The splash of poison hits you! You resist.
The naga sharpshooter gestures wildly while chanting.
The naga sharpshooter magically shoots a bolt of flame.
The bolt of flame hits you!!
* * * LOW HITPOINT WARNING * * *
The bolt of flame burns you.
* * * LOW HITPOINT WARNING * * *
You focus your will and blind the naga sharpshooter in retribution!
You hear a shout!
Read which item? (? for menu, Esc to quit)
Really read
x - 2 scrolls of fog {!r}?
As you read the scroll of fog {!r}, it crumbles to dust.
The scroll dissolves into smoke.
You feel sick.
The naga mage begins to cast a spell, but is stunned by your will!
The naga sharpshooter shoots a bolt of flame.
The bolt of flame hits you!!
You die... , ..NNN§§NN.. , ....NNNNN.S

, * *
....§.... , ,
###*#........
....## #...φ..
,
......##N####
* ....§..N##
**#...§§§§....
, *#§@§§..[. ,
######... *


You could see a naga sharpshooter (blind) and a naga mage.

Vanquished Creatures
  Asterion (Snake:4)
  Agnes (Snake:5)
  2 greater nagas
  A frost giant (IceCv)
  An orc warlord (Orc:3)
  5 hydras
  Fannar (Lair:7)
  An ice dragon (Orc:3)
  Harold (D:11)
  9 naga warriors
  A minotaur (Lab)
  3 catoblepae
  4 ogre magi (Orc:4)
  12 anacondas
  A tengu warrior (D:13)
  A centaur warrior (D:13)
  8 death yaks
  A naga sharpshooter (Snake:4)
  Urug (Orc:4)
  3 shock serpents
  Nergalle (Orc:3)
  2 salamander mystics
  An unseen horror (D:13)
  3 sea snakes (Snake:4)
  An ice statue (IceCv)
  8 mana vipers
  3 hill giants
  6 naga ritualists
  An orc sorcerer (Orc:4)
  A wolf spider (D:13)
  6 salamanders
  2 cyclopes
  2 ugly things
  A manticore (Lair:4)
  31 elephants
  A griffon (Lair:4)
  11 spiny frogs
  5 guardian serpents
  36 black mambas
  11 naga magi
  A queen ant (Lair:8)
  2 fire drakes
  Psyche (Orc:1)
  7 komodo dragons
  2 queen bees
  A minotaur zombie (Lab)
  A troll (Orc:3)
  20 polar bears
  13 two-headed ogres
  22 blink frogs
  2 boulder beetles (Lair:7)
  74 yaks
  3 basilisks
  2 shadows
  3 wraiths
  6 hippogriffs
  3 deep elf magi (D:10)
  2 wyverns (Lair:5)
  Eustachio (D:8)
  Grum (D:9)
  A hungry ghost (D:13)
  7 wargs
  5 vampire mosquitoes
  2 insubstantial wisps (Lair:3)
  A mottled dragon (D:8)
  2 steam dragons
  36 wolves
  22 orc warriors
  32 water moccasins
  40 nagas
  4 soldier ants
  9 porcupines
  A phantom (D:10)
  4 centaurs
  5 ice beasts
  3 black bears
  3 necrophages
  31 ogres
  2 eyes of draining
  3 sky beasts
  2 big kobolds
  9 crocodiles
  2 elf zombies (D:9)
  12 giant frogs
  4 jellies
  4 scorpions
  11 wights
  A wyvern skeleton (D:11)
  58 killer bees
  16 crimson imps
  A quasit (D:8)
  3 goliath beetles
  An electric eel (Snake:4)
  4 human zombies (D:9)
  A gnoll shaman (D:8)
  4 centaur skeletons
  23 orc priests
  2 giant frog skeletons
  A human skeleton (D:9)
  11 hounds
  24 orc wizards
  Natasha (D:4)
  25 worker ants
  5 iguanas
  13 sheep
  Ijyb (D:3)
  A hound zombie (D:8)
  2 hound skeletons
  A worker ant zombie (D:8)
  24 adders
  14 gnolls
  85 river rats
  2 shadow imps
  4 giant mites
  6 worms
  2 adder zombies (D:6)
  3 adder skeletons
  4 giant geckos
  2 oozes
  159 orcs
  7 giant cockroaches
  29 goblins
  16 hobgoblins
  9 jackals
  2 ball pythons (D:3)
  17 bats
  3 giant newts
  23 kobolds
  An orc skeleton (Orc:4)
  14 quokkas
  A quokka skeleton (D:6)
  19 rats
  3 ballistomycetes (D:11)
  A fungus (Lair:5)
  A plant (Lair:4)
1265 creatures vanquished.

Vanquished Creatures (others)
  A mana viper (Snake:3)
  An ugly thing (D:10)
  A dancing weapon (Snake:4)
  3 yaks
  4 wolves (IceCv)
  2 nagas
  A sky beast (D:7)
  A crocodile (Lair:3)
  2 killer bees (Lair:3)
  An orc priest (D:11)
  2 river rats (Lair:1)
  4 orcs
  A hobgoblin (D:11)
  A quokka (D:11)
  A giant spore (D:11)
  19 fungi
  11 plants
56 creatures vanquished.

Grand Total: 1321 creatures vanquished

Notes
Turn   | Place    | Note
--------------------------------------------------------------
     0 | D:1      | siepu, the Demonspawn Wanderer, began the quest for the Orb.
     0 | D:1      | siepu set off with: a book of Geomancy, a +0 ring mail, a potion of curing {!q}, a +0 club, a +0 dagger, a bread ration {!e}
     0 | D:1      | Reached XP level 1. HP: 15/15 MP: 1/1
    41 | D:1      | HP: 3/15 [kobold/short sword (1)]
   313 | D:1      | Reached skill level 1 in Maces & Flails
   540 | D:1      | Gained mutation: You are slightly more attuned to the shadows. [demonic ancestry]
   540 | D:1      | Reached XP level 2. HP: 19/21 MP: 2/2
   718 | D:1      | Reached skill level 1 in Short Blades
   956 | D:2      | Found an opulent altar of Gozag.
  1055 | D:2      | Reached XP level 3. HP: 16/26 MP: 3/3
  1208 | D:2      | Reached skill level 2 in Short Blades
  1526 | D:2      | HP: 4/26 [worm (6)]
  1557 | D:2      | HP: 5/26 [kobold (1)]
  1770 | D:2      | Gained mutation: You are significantly more attuned to the shadows. [demonic ancestry]
  1770 | D:2      | Reached XP level 4. HP: 23/32 MP: 4/4
  1897 | D:3      | Reached skill level 3 in Short Blades
  2590 | D:3      | HP: 5/32 [gnoll/club (2)]
  3029 | D:3      | Gained mutation: You have large cloven feet. [demonic ancestry]
  3029 | D:3      | Reached XP level 5. HP: 26/37 MP: 3/5
  3231 | D:3      | Reached skill level 4 in Short Blades
  4176 | D:3      | Noticed Ijyb
  4194 | D:3      | Killed Ijyb
  4224 | D:3      | HP: 7/37 [poisoned by an adder]
  4232 | D:3      | HP: 6/37 [poisoned by an adder]
  4531 | D:4      | Reached skill level 5 in Short Blades
  4555 | D:4      | Gained mutation: You have hoof-like feet. [demonic ancestry]
  4555 | D:4      | Reached XP level 6. HP: 37/43 MP: 4/6
  5447 | D:4      | Noticed an ogre
  5459 | D:4      | Killed an ogre
  5459 | D:4      | Reached skill level 6 in Short Blades
  5582 | D:4      | Noticed Natasha
  5585 | D:4      | Killed Natasha
  5585 | D:4      | Reached XP level 7. HP: 46/48 MP: 7/7
  5748 | D:4      | Reached skill level 1 in Dodging
  5824 | D:5      | Entered Level 5 of the Dungeon
  5933 | D:5      | Found a staircase to the Ecumenical Temple.
  5975 | D:5      | Reached skill level 3 in Stealth
  5992 | Temple   | Entered the Ecumenical Temple
  6299 | Temple   | Became a worshipper of Ru the Awakened
  6391 | D:5      | Reached skill level 3 in Dodging
  7169 | D:6      | Gained mutation: You are completely attuned to the shadows. [demonic ancestry]
  7169 | D:6      | Reached XP level 8. HP: 54/54 MP: 8/8
  7345 | D:6      | Identified a +0 rod of ignition (13/13) {!a} (You found it on level 4 of the Dungeon)
  7403 | D:6      | HP: 1/54 [orc warrior/dire flail (14)]
  7551 | D:6      | Found a stormy altar of Qazlal.
  7630 | D:6      | Gained mutation: You cannot study or cast Air magic. [Ru sacrifice]
  7630 | D:6      | Gained mutation: You cannot study or cast Transmutations magic. [Ru sacrifice]
  7630 | D:6      | Gained mutation: You cannot study or cast Summoning magic. [Ru sacrifice]
  7630 | D:6      | Acquired Ru's first power
  7897 | D:6      | Found a bloodstained altar of Trog.
  7903 | D:6      | Reached skill level 6 in Stealth
  8599 | D:7      | Found an iron altar of Okawaru.
  8601 | D:7      | Reached skill level 7 in Short Blades
  8689 | D:7      | Gained mutation: When hurt, damage is shared between your health and your magic reserves. [demonic ancestry]
  8689 | D:7      | Reached XP level 9. HP: 59/59 MP: 9/9
  8761 | D:7      | Reached skill level 8 in Short Blades
  8863 | D:7      | Found an opulent altar of Gozag.
  9427 | D:6      | Reached skill level 9 in Short Blades
 10390 | D:7      | Found a glowing silver altar of Zin.
 10442 | D:7      | Reached skill level 10 in Short Blades
 11176 | D:8      | Gained mutation: You passively map a small area around you. [potion of beneficial mutation]
 11277 | D:8      | Gained mutation: You are missing a hand. [Ru sacrifice]
 11277 | D:8      | Acquired Ru's second power
 11277 | D:8      | Acquired Ru's third power
 11277 | D:8      | Acquired Ru's fourth power
 11584 | D:8      | Gained mutation: You have a pair of small horns on your head. [demonic ancestry]
 11584 | D:8      | Reached XP level 10. HP: 65/65 MP: 10/10
 11587 | D:8      | Found a shimmering altar of Xom.
 11623 | D:8      | Noticed Eustachio
 11645 | D:8      | Killed Eustachio
 12037 | D:8      | Reached skill level 11 in Short Blades
 12963 | D:8      | Noticed a hill giant
 12984 | D:8      | Killed a hill giant
 13259 | D:8      | Found a blossoming altar of Fedhas.
 13508 | D:9      | Reached skill level 12 in Short Blades
 13521 | D:9      | Found a staircase to the Orcish Mines.
 13656 | D:9      | Got a warped morningstar
 13657 | D:9      | Identified the +2 morningstar of Untruth {freeze, Str-5 Int+8 SInv} (You found it on level 9 of the Dungeon)
 13690 | D:9      | HP: 12/65 [warg (10)]
 13697 | D:9      | Reached skill level 1 in Evocations
 13702 | D:9      | HP: 18/97 [warg (5)]
 13713 | D:9      | HP: 12/65 [scorpion (2)]
 13811 | D:9      | Reached skill level 3 in Evocations
 13991 | D:9      | Found an ancient bone altar of Kikubaaqudgha.
 13995 | D:9      | Found a shadowy altar of Dithmenos.
 14026 | D:9      | Noticed Grum
 14041 | D:9      | Killed Grum
 14251 | D:9      | Found a basalt altar of Yredelemnul.
 14253 | D:9      | Reached skill level 6 in Evocations
 14309 | D:9      | Gained mutation: You have a pair of horns on your head. [demonic ancestry]
 14309 | D:9      | Reached XP level 11. HP: 71/73 MP: 18/20
 14388 | D:9      | Reached skill level 3 in Fighting
 14413 | D:9      | Found a staircase to the Lair.
 14652 | D:9      | Found a burning altar of Makhleb.
 14731 | D:9      | Noticed a hill giant
 14745 | D:9      | Killed a hill giant
 14867 | D:10     | Entered Level 10 of the Dungeon
 14986 | D:10     | Noticed a hill giant
 15016 | D:10     | Killed a hill giant
 15694 | D:10     | Found Moent's Gadget Shoppe.
 15952 | D:10     | Reached skill level 6 in Fighting
 15956 | D:10     | Learned a level 2 spell: Ensorcelled Hibernation
 16101 | D:10     | Reached skill level 1 in Hexes
 16166 | Lair:1   | Entered Level 1 of the Lair of Beasts
 16223 | Lair:1   | Reached skill level 1 in Ice Magic
 16236 | Lair:1   | Reached skill level 1 in Spellcasting
 16832 | Lair:1   | Gained mutation: Your casting is slightly disrupted. [Ru sacrifice]
 17182 | Lair:2   | Reached skill level 3 in Hexes
 17385 | Lair:2   | Reached skill level 3 in Ice Magic
 17435 | Lair:2   | Reached skill level 3 in Spellcasting
 17725 | Lair:2   | Noticed a catoblepas
 17963 | Lair:2   | Gained mutation: You regenerate magic rapidly. [demonic ancestry]
 17963 | Lair:2   | Reached XP level 12. HP: 19/88 MP: 7/22
 18742 | Lair:2   | HP: 10/88 [yak (11)]
 19587 | Lair:3   | Reached skill level 6 in Hexes
 19837 | Lair:3   | HP: 7/88 [blink frog (13)]
 19849 | Lair:3   | HP: 16/88 [blink frog (8)]
 19854 | Lair:3   | HP: 10/88 [blink frog (6)]
 19859 | Lair:3   | HP: 7/88 [river rat (4)]
 20347 | Lair:3   | Gained mutation: You cannot train Armour skill. [Ru sacrifice]
 20347 | Lair:3   | Acquired Ru's fifth power
 20532 | Lair:3   | Noticed an eight-headed hydra
 20537 | Lair:3   | HP: 11/88 [eight-headed hydra (7)]
 20887 | Lair:3   | Killed an eight-headed hydra
 20887 | Lair:3   | Reached skill level 6 in Spellcasting
 21383 | Lair:3   | HP: 17/88 [poisoned by a killer bee]
 21698 | Lair:3   | HP: 17/88 [poisoned by a killer bee]
 21703 | Lair:3   | HP: 11/88 [poisoned by a killer bee]
 21708 | Lair:3   | HP: 7/88 [poisoned by a killer bee]
 21713 | Lair:3   | HP: 5/88 [poisoned by a killer bee]
 22647 | Lair:3   | Noticed a four-headed hydra
 22653 | Lair:3   | Killed a four-headed hydra
 22969 | Lair:4   | Noticed a seven-headed hydra
 22973 | Lair:4   | Killed a seven-headed hydra
 23012 | Lair:4   | Found a staircase to the Snake Pit.
 23379 | Lair:4   | Found a staircase to the Shoals.
 23397 | Lair:4   | Reached XP level 13. HP: 57/93 MP: 15/28
 23410 | Lair:4   | HP: 16/93 [spiny frog (7)]
 23758 | Lair:4   | Gained mutation: You are weak. (Str -2) [Ru sacrifice]
 23767 | Lair:4   | Reached skill level 9 in Hexes
 24088 | Lair:4   | Killed a catoblepas
 25466 | Lair:5   | Reached skill level 9 in Spellcasting
 25746 | Lair:5   | Got a fine ring mail
 25757 | Lair:5   | Identified the +0 ring mail "Lootiy Prone" {rElec Int+5 Dex-2} (You found it on level 5 of the Lair of Beasts)
 25844 | Lair:5   | Learned a level 6 spell: Mass Confusion
 26109 | Lair:5   | Reached skill level 6 in Dodging
 27156 | Lair:6   | Gained mutation: Your magical capacity is low (-10% MP). [Ru sacrifice]
 27192 | Lair:6   | Found a labyrinth entrance.
 27197 | Lair:6   | Found an ancient bone altar of Kikubaaqudgha.
 27201 | Lab      | Entered a labyrinth
 27415 | Lab      | Got a crude dagger
 27415 | Lab      | Got a slimy scale mail
 27416 | Lab      | Identified the cursed -1 dagger of Trog's Outrage {freeze, rPois rF++ rN+ MR- Str-3} (You found it in a labyrinth)
 27437 | Lab      | Identified the cursed -2 scale mail of Jyddi {+Fly rPois Str+5} (You found it in a labyrinth)
 29497 | Lair:7   | Got a steaming bone ring
 29499 | Lair:7   | Identified the ring "Seohesiu" {rPois rF+ SInv} (You found it on level 7 of the Lair of Beasts)
 29521 | Lair:7   | Reached skill level 9 in Dodging
 29655 | Lair:7   | Noticed Fannar
 29694 | Lair:7   | HP: 13/93 [elephant (10)]
 29700 | Lair:7   | HP: 14/93 [elephant (5)]
 29719 | Lair:6   | HP: 17/93 [elephant (2)]
 30254 | Lair:7   | Gained mutation: You have a pair of large horns on your head. [demonic ancestry]
 30254 | Lair:7   | Reached XP level 14. HP: 75/100 MP: 24/27
 30269 | Lair:7   | HP: 12/100 [blink frog (11)]
 30269 | Lair:7   | HP: 4/100 [ice beast[Fannar] (8)]
 30867 | Lair:7   | Killed Fannar
 31671 | Lair:7   | Found a viscous altar of Jiyva.
 31672 | Lair:7   | Found a staircase to the Slime Pits.
 32143 | Lair:8   | Entered Level 8 of the Lair of Beasts
 33174 | Lair:8   | Reached skill level 13 in Short Blades
 33509 | Lair:8   | HP: 14/100 [torpor snail (10)]
 33532 | Lair:8   | HP: 15/100 [yak (5)]
 34028 | Lair:8   | HP: 20/100 [wolf (6)]
 34034 | Lair:8   | HP: 20/100 [poisoned by a black mamba]
 35491 | Orc:1    | Entered Level 1 of the Orcish Mines
 35677 | Orc:1    | Noticed Psyche
 35684 | Orc:1    | Killed Psyche
 35684 | Orc:1    | Reached skill level 14 in Short Blades
 35795 | Orc:1    | Found Shrosm's Armour Shop.
 35823 | Orc:1    | Bought a +2 cloak of magic resistance for 279 gold pieces
 36682 | Orc:3    | Found a frozen archway.
 36756 | IceCv    | Entered an ice cave
 38304 | IceCv    | Noticed a frost giant
 38357 | IceCv    | Reached XP level 15. HP: 56/110 MP: 20/28
 38765 | IceCv    | Killed a frost giant
 38960 | Orc:3    | Found a staircase to the Elven Halls.
 39058 | Orc:3    | Noticed Nergalle
 39063 | Orc:3    | Killed Nergalle
 39313 | Orc:4    | Entered Level 4 of the Orcish Mines
 39408 | Orc:4    | Found a flickering gateway to a bazaar.
 39419 | Bazaar   | Entered a bazaar
 39436 | Bazaar   | Found Ytagu's Gadget Shoppe.
 39451 | Bazaar   | Found Schadanei's Gadget Shoppe.
 39466 | Bazaar   | Found Cesoufet's Book Shoppe.
 39470 | Bazaar   | Bought a book of Party Tricks for 700 gold pieces
 39481 | Bazaar   | Found Buyrecvu's Antique Armour Emporium.
 39485 | Bazaar   | Bought an embroidered robe for 16 gold pieces
 39485 | Bazaar   | Bought a glowing leather armour for 48 gold pieces
 39535 | Bazaar   | Learned a level 3 spell: Tukima's Dance
 39542 | Bazaar   | Learned a level 6 spell: Invisibility
 40417 | Orc:4    | Found Maxiow's Book Emporium.
 40417 | Orc:4    | Found Smoky's Assorted Antiques.
 40418 | Orc:4    | Found Jeah's Food Shop.
 40419 | Orc:4    | Found Bopatocs' Jewellery Shoppe.
 40454 | Orc:4    | Bought a scroll of teleportation for 84 gold pieces
 40454 | Orc:4    | Bought a scroll labeled STRAIKA QETUPP for 28 gold pieces
 40454 | Orc:4    | Bought a blowgun for 70 gold pieces
 40454 | Orc:4    | Bought a potion of curing for 84 gold pieces
 40946 | Orc:3    | HP: 22/112 [orc warlord/war axe of chopping (15)]
 41324 | Orc:4    | Reached skill level 9 in Stealth
 41435 | Orc:4    | Reached skill level 9 in Fighting
 41749 | Orc:4    | Noticed Urug
 41755 | Orc:4    | Killed Urug
 42959 | D:11     | Noticed Harold
 43757 | D:11     | Killed Harold
 44944 | D:13     | Noticed a sphinx
 45416 | Snake:1  | Entered Level 1 of the Snake Pit
 45794 | Snake:1  | HP: 19/115 [mana viper (8)]
 45804 | Snake:1  | HP: 20/115 [naga ritualist/Olgreb's Toxic Radiance (1)]
 45825 | Snake:1  | HP: 8/115 [naga/war axe (15)]
 46329 | Snake:1  | Noticed Roxanne
 46594 | Snake:2  | Gained mutation: Your flesh is cold resistant. [demonic ancestry]
 46594 | Snake:2  | Reached XP level 16. HP: 108/122 MP: 23/29
 47695 | Snake:3  | Found Wiaruar's Distillery.
 47700 | Snake:3  | Bought a potion of curing for 51 gold pieces
 47700 | Snake:3  | Bought a potion of heal wounds for 85 gold pieces
 47700 | Snake:3  | Bought a potion of curing for 51 gold pieces
 47700 | Snake:3  | Bought a potion of mutation for 42 gold pieces
 47700 | Snake:3  | Bought a potion of curing for 51 gold pieces
 47723 | Snake:3  | Learned a level 4 spell: Enslavement
 47729 | Snake:3  | Learned a level 5 spell: Metabolic Englaciation
 48106 | Snake:3  | Reached skill level 12 in Hexes
 48516 | Snake:4  | Noticed Asterion
 48904 | Snake:4  | HP: 35/183 [Asterion (7)]
 48906 | Snake:4  | Killed Asterion
 49555 | Snake:4  | HP: 15/122 [naga/short sword (14)]
 50362 | Snake:5  | Entered Level 5 of the Snake Pit
 50831 | Snake:5  | Reached skill level 12 in Spellcasting
 51157 | Snake:5  | Noticed Agnes
 51161 | Snake:5  | Killed Agnes
 51897 | Snake:5  | HP: 11/122 [naga sharpshooter/bolt of flame (20)]
 51897 | Snake:5  | HP: 5/122 [naga sharpshooter/bolt of flame (6)]
 51898 | Snake:5  | Shot with a bolt of flame by a naga sharpshooter

Vault maps used:
D:1:      tarquinn_simple_flora_water_a, serial_glass, glass_columns_b,
          glass_columns_a, glass_columns_c, glass_columns_b
D:2:      grunt_gozag_statues
D:3:      uniq_iyjb
D:4:      first_bread, minmay_goblin_kobold_house, uniq_natasha
D:5:      minmay_temple_entry_purple_smoke, roderic_greek_sauvastika
D:6:      kennysheep_mini, trog_ov_bears_minmay
D:7:      old_standard_altar, nicolae_overflow_crystal_walls, zin_statuary,
          minmay_nine_imps
D:8:      nicolae_overflow_hidden_temple, fedhas_altar_fruit_tree,
          david_nohive_1, uniq_eustachio
D:9:      lemuel_mausoleum_altar_yredelemnul, grunt_temple_overflow_open,
          erik_lair_orcish_takeover, orc_0_dummy, st_stairs_5, uniq_grum
D:10:     serial_shops, shop
D:11:     uniq_harold
D:13:     minmay_isolated_rectangles_in_corner, grunt_vaults_entry_tiered
Temple:   minmay_temple_curvy_8
Lair:1:   columned_hall_lemuel
Lair:2:   grunt_megastairs_3, infiniplex_staircase_pool, lemuel_fruit_tree
Lair:3:   pond
Lair:4:   minmay_shoals_entry_beasts, dummy_snake_entry
Lair:6:   basic_altar, lab_entry_generic, grunt_forest_stairs_basic
Lair:7:   slime_altar_1, uniq_fannar
Lair:8:   evilmike_catoblepas_cave, zaba_antful_of_joy
Snake:1:  grunt_ministairs_1, st_stairs_12, uniq_roxanne
Snake:2:  nrook_guardian_serpent_ordinary
Snake:3:  serial_shops, nicolae_shop_statue_plus,
          hangedman_snake_wide_pillar_pass, st_stairs_7, spider_trap
Snake:4:  serial_bayou, serial_bayou_crossing, serial_bayou_pond_a,
          serial_bayou_shore_b, serial_bayou_ford_a, uniq_asterion
Snake:5:  snake_pit, uniq_agnes
Orc:1:    serial_shops, shop, uniq_psyche
Orc:3:    portal_ice_cave_entry_animals_and_master, nicolae_orc_pool_cavern,
          uniq_nergalle
Orc:4:    st_orc_ogre_mass, serial_shops, bzr_entry_dummy, uniq_urug
Lab:      labyrinth_hidden_loot, nicolae_lab_very_dead_end, nicolae_lab_arrow,
          nicolae_lab_plus, nicolae_lab_statue, nicolae_lab_checkerboard
Bazaar:   bazaar_long_row
IceCv:    ice_cave_caverns_02

Action                   |  1- 3 |  4- 6 |  7- 9 | 10-12 | 13-15 | 16-18 || total
-------------------------+-------+-------+-------+-------+-------+-------++-------
Melee: Dagger            |   145 |   410 |   729 |  1029 |  1894 |   278 ||  4485
       Club              |    10 |       |       |       |       |       ||    10
       Rapier            |       |       |       |    63 |       |       ||    63
       Long sword        |       |       |       |   136 |   491 |    28 ||   655
Throw: Stone             |    12 |       |     3 |       |       |       ||    15
 Cast: Ensorcelled Hiber |       |       |       |    10 |   251 |   107 ||   368
       Metabolic Englaci |       |       |       |       |       |     2 ||     2
       Tukima's Dance    |       |       |       |       |       |     1 ||     1
Invok: Sacrifice Arcana  |       |       |     1 |       |       |       ||     1
       Sacrifice a Hand  |       |       |     1 |       |       |       ||     1
       Reject Sacrifices |       |       |       |     1 |       |       ||     1
       Sacrifice Essence |       |       |       |     1 |     1 |       ||     2
       Apocalypse        |       |       |       |     1 |     2 |       ||     3
       Sacrifice Durabil |       |       |       |     1 |       |       ||     1
       Draw Out Power    |       |       |       |       |     4 |       ||     4
       Sacrifice Purity  |       |       |       |       |     1 |       ||     1
 Abil: Evoke Berserk Rag |       |       |       |    12 |    17 |     4 ||    33
Evoke: Wand              |       |       |       |       |     1 |       ||     1
  Use: Potion            |       |     1 |     2 |     7 |     8 |     2 ||    20
       Scroll            |       |       |    19 |    10 |    18 |     8 ||    55
 Stab: Sleeping          |       |     8 |    27 |    57 |   214 |    95 ||   401
       Distracted        |       |     1 |     7 |     8 |    24 |     3 ||    43
       Invisible         |       |       |       |    24 |    39 |    16 ||    79
       Paralysed         |       |       |       |    10 |    39 |     1 ||    50
       Petrifying        |       |       |       |       |     1 |       ||     1
       Fleeing           |       |       |       |       |     2 |       ||     2
  Eat: Chunk             |     3 |    11 |    13 |    26 |    44 |     4 ||   101
       Fruit             |       |     1 |     5 |     6 |     7 |     3 ||    22
       Pizza             |       |       |     1 |       |     1 |     1 ||     3
       Meat ration       |       |       |       |     2 |     5 |       ||     7
       Beef jerky        |       |       |       |     1 |       |     2 ||     3
       Bread ration      |       |       |       |     1 |     3 |     2 ||     6
